 Dungeon Crawl Stone Soup version 0.25-a0-857-g60a0bcd8b5 (webtiles) character file.

Game seed: 1588958460952005519, levelgen mode: classic

39 Amnesiac the Gusty (level 3, 0/16 HPs)
             Began as a Vine Stalker Air Elementalist on Apr 26, 2020.
             Succumbed to a worker ant's poison
             ... on level 4 of the Dungeon.
             The game lasted 00:03:46 (902 turns).

Amnesiac the Gusty (Vine Stalker Air Elementalist)   Turns: 902, Time: 00:03:46

Health: 0/16       AC:  2    Str: 10    XL:     3   Next: 47%
Magic:  2/8        EV: 12    Int: 16    God:
Gold:   51         SH:  0    Dex: 14    Spells: 4/7 levels left

rFire    . . .     SeeInvis .   a - +0 dagger
rCold    . . .     Gourm    .   (no shield)
rNeg     + . .     Faith    .   h - +0 robe
rPois    .         Spirit   +   (no helmet)
rElec    .         Reflect  .   (no cloak)
rCorr    .         Harm     .   (no gloves)
MR       .....                  (no boots)
Stlth    ++........             (no amulet)
HPRegen  0.05/turn              e - ring of positive energy (curse)
MPRegen  0.11/turn              (no ring)

@: lethally poisoned (0 -> -12)
A: fangs 2, magic shield, antimagic bite, no potion heal 3, rot immunity
a: no special abilities


You were on level 4 of the Dungeon.
You were not hungry.

You visited 1 branch of the dungeon, and saw 4 of its levels.

You collected 51 gold pieces.

Inventory:

Hand Weapons
 a - a +0 dagger (weapon)
Armour
 h - a +0 robe (worn)
Jewellery
 e - a cursed ring of positive energy (left hand)
Scrolls
 f - 2 scrolls of teleportation {!r, unknown}
 g - a scroll of identify {!r, unknown}
 i - a scroll of noise {!r, unknown}
 j - a scroll of blinking {!r, unknown}
 k - a scroll of remove curse {!r, unknown}
 l - a scroll of fog {!r, unknown}
Comestibles
 c - a ration
 d - 9 chunks of flesh


   Skills:
 - Level 1.5 Dodging
 - Level 2.4 Stealth
 + Level 2.8 Spellcasting
 - Level 1.0 Conjurations
 * Level 4.0 Air Magic


You had 4 spell levels left.
You knew the following spells:

 Your Spells              Type           Power        Failure   Level  Hunger
a - Shock                 Conj/Air       ##..         7%          1    #......
z - Swiftness             Chrm/Air       #.......     13%         2    ##.....

Your spell library contained the following spells:

 Spells                   Type           Power        Failure   Level  Hunger
 Static Discharge         Conj/Air       ##......     21%         3    ###....
 Airstrike                Air            ###.......   34%         4    #####..
 Lightning Bolt           Conj/Air       ##........   88%         5    ######.


Dungeon Overview and Level Annotations

Branches:
Dungeon (4/15)             Temple (0/1) D:4

Altars:


Innate Abilities, Weirdness & Mutations

You have extremely sharp teeth.
When hurt, damage is shared between your health and your magic reserves.
Your bite disrupts and absorbs the magic of your enemies.
Potions cannot restore your health.
You are immune to rotting.


Message History

Press: ? - help, Shift-Dir - straight line, f/p - worker ant
Aim: a worker ant (moderately wounded)
The zap misses the worker ant.
The zap hits the ooze.
The ooze is heavily wounded.
The worker ant misses you.
Casting: Shock (safe; 7% risk of failure)
Confirm with . or Enter, or press ? or * to list all spells.
Aiming: Shock (safe; 7% risk of failure)
Press: ? - help, Shift-Dir - straight line, f/p - worker ant
Aim: a worker ant (moderately wounded)
The zap misses the worker ant.
The zap hits the ooze.
The ooze is almost dead.
The worker ant bites you.
You are poisoned.
The worker ant poisons you! The worker ant barely misses you.
Casting: Shock (safe; 7% risk of failure)
Confirm with . or Enter, or press ? or * to list all spells.
Aiming: Shock (safe; 7% risk of failure)
Press: ? - help, Shift-Dir - straight line, f/p - worker ant
Aim: a worker ant (moderately wounded)
The zap hits the worker ant but does no damage.
The worker ant is moderately wounded.
The zap hits the ooze.
The ooze is almost dead.
You feel sick. The worker ant barely misses you.
Casting: Shock (safe; 7% risk of failure)
Confirm with . or Enter, or press ? or * to list all spells.
Aiming: Shock (safe; 7% risk of failure)
Press: ? - help, Shift-Dir - straight line, f/p - worker ant
Aim: a worker ant (moderately wounded)
The zap hits the worker ant.
The worker ant is heavily wounded.
The zap hits the ooze.
You kill the ooze!
The worker ant closely misses you.
Really quaff
b - a pink potion {!q}?
It was a potion of cancellation {!q}.
You feel magically purged.
You feel sick. The worker ant bites you.
* * * LOW HITPOINT WARNING * * *
You are lethally poisoned!
The worker ant poisons you!
You hit the worker ant.
The worker ant is severely wounded.
* * * LOW HITPOINT WARNING * * *
You feel sick. The worker ant barely misses you.
You barely miss the worker ant.
The worker ant is severely wounded.
* * * LOW HITPOINT WARNING * * *
You feel sick. The worker ant bites you.
* * * LOW HITPOINT WARNING * * *
The worker ant misses you.
You hit the worker ant but do no damage.
You bite the worker ant. You drain its power.
You feel invigorated.
The worker ant is almost dead.
* * * LOW HITPOINT WARNING * * *
You feel sick.
The worker ant bites you but does no damage.
You closely miss the worker ant.
You bite the worker ant, but do no damage.
The worker ant is almost dead.
The worker ant barely misses you.
You hit the worker ant.
The worker ant is almost dead.
You die...

#.# #.# #.# #.#
#.# .. #<###
....#...#
#......######
)...........a@#
.....#...######
.........#
#....#...#
.....#...# >8##
#...# #####


You could see a worker ant.

Vanquished Creatures
  2 oozes
  3 orcs
  2 bats (D:1)
  4 giant cockroaches
  4 goblins
  2 hobgoblins
  A jackal (D:4)
  4 frilled lizards
  2 kobolds
  2 rats
26 creatures vanquished.

Notes
Turn   | Place    | Note
-------+----------+-------------------------------------------
     0 | D:1      | Amnesiac the Vine Stalker Air Elementalist began the quest
                  | for the Orb.
     0 | D:1      | Reached XP level 1. HP: 9/9 MP: 4/4
   151 | D:1      | Reached XP level 2. HP: 9/13 MP: 0/6
   160 | D:1      | Learned a level 2 spell: Swiftness
   507 | D:4      | Reached XP level 3. HP: 2/16 MP: 0/8
   868 | D:3      | Reached skill level 4 in Air Magic
   883 | D:4      | Found a staircase to the Ecumenical Temple.
   902 | D:4      | Succumbed to a worker ant's poison

Levels and vault maps discovered:
D:1:      minmay_arrival_solitary_statue, layout_rooms
D:2:      layout_loops_ring
D:3:      layout_loops_ring, feat_on_display
D:4:      layout_rooms, temple_statues, corexii_corridor_pit

Skill      XL: |  1  2  3 |
---------------+----------+-----
Air Magic      | 4 |  4.0
Dodging        | |  1.5
Stealth        | |  2.4
Spellcasting   | |  2.8
Conjurations   | |  1.0

Action                   || total
-------------------------++-------
Melee: Unarmed           ||     7
       Bite              ||    13
       Dagger            ||    51
 Cast: Shock             ||    31
  Use: Potion            ||     1
 Stab: Sleeping          ||     3
Armor: Robe              ||    13
Dodge: Dodged            ||    55

Table legend:
 A = Non-vault XP
 B = Vault XP
 C = Vault XP percentage of total XP
 D = Non-vault monster count
 E = Vault monster count
 F = Vault count percentage of total count
                 A         B        C        D         E       F
            +---------+---------+-------+---------+---------+-------
      Total |      57 |       0 |   0.0 |      26 |       0 |   0.0
            +---------+---------+-------+---------+---------+-------
        D:1 |      11 |       0 |   0.0 |       7 |       0 |   0.0
        D:2 |      10 |       0 |   0.0 |       6 |       0 |   0.0
        D:3 |      20 |       0 |   0.0 |       7 |       0 |   0.0
        D:4 |      16 |       0 |   0.0 |       6 |       0 |   0.0
            +---------+---------+-------+---------+---------+-------
